Map: Romanticide LE

Players

Arcane

  • Race: Protoss Protoss
  • League: Gold

Throwfordays - Winner!

  • Race: Terran Terran
  • League: Gold

VOD

Have the link to the VOD?

Description

Time

  • Played on: Aug. 27, 2021, 10:54 p.m.
  • Length: 9:30
Show
View Real Time Build Order
Export as new Build Order

Arcane Protoss 

Build Orders:  

Get SALT Encoding   

  12  0:01  Probe  
  13  0:15  Pylon  
  13  0:19  Probe  
  14  0:31  Probe  
  15  0:41  Gateway  
  15  0:43  Probe  
  16  0:50  Assimilator  
  16  0:55  Probe  
  17  1:08  Probe  
  17  1:10  Gateway  
  18  1:20  Probe  
  19  1:26  Pylon  
  19  1:30  Cybernetics Core  
  19  1:39  Assimilator  
  19  1:49  Gateway  
  19  2:04  Warp Gate (Chrono Boost)  
  19  2:08  Probe  
  19  2:14  Stalker  
  22  2:20  Probe  
  23  2:32  Probe  
  24  2:45  Stalker  
  23  3:24  Stalker  
  23  3:25  Stalker  
  27  3:40  Nexus  
  27  3:44  Zealot  
  20  4:11  Stalker  
  20  4:12  Stalker  
  20  4:13  Stalker  
  21  4:38  Stalker x3  
  17  5:02  Stalker x3  
  23  5:13  Probe  
  24  5:17  Probe  
  25  5:25  Probe  
  26  5:29  Probe  
  27  5:37  Probe (Chrono Boost)  
  29  5:46  Probe (Chrono Boost)  
  29  5:49  Probe (Chrono Boost)  
  30  5:54  Probe (Chrono Boost)  
  30  5:56  Probe (Chrono Boost)  
  32  6:04  Probe  
  33  6:07  Probe  
  34  6:16  Adept x2, Probe  
  39  6:20  Probe (Chrono Boost)  
  40  6:28  Probe (Chrono Boost)  
  41  6:35  Assimilator  
  41  6:38  Assimilator, Probe (Chrono Boost)  
  42  6:43  Probe (Chrono Boost)  
  39  6:54  Probe  
  36  7:18  Pylon  
  36  7:22  Probe  
  37  7:29  Gateway  
  37  7:33  Pylon  
  37  7:34  Probe  
  37  7:36  Twilight Council  
  38  7:43  Robotics Facility  
  38  7:46  Probe (Chrono Boost)  
  38  7:48  Robotics Facility  
  39  7:53  Pylon  
  39  7:56  Probe (Chrono Boost)  
  40  8:03  Zealot x3  
  47  8:06  Probe (Chrono Boost)  
  47  8:10  Probe (Chrono Boost)  
  47  8:11  Probe (Chrono Boost)  
  49  8:20  Probe  
  27  8:48  Sentry  
  27  8:51  Stalker  
  27  8:52  Stalker x2  
Show
View Real Time Build Order
Export as new Build Order

Throwfordays Terran - Winner!

Build Orders:  

Get SALT Encoding   

  12  0:00  SCV  
  13  0:16  Supply Depot  
  13  0:20  SCV  
  14  0:26  Refinery  
  14  0:39  Barracks  
  14  0:41  SCV  
  15  0:54  SCV  
  16  0:58  Supply Depot  
  16  1:06  SCV  
  17  1:18  Barracks  
  17  1:23  SCV  
  18  1:26  Reaper  
  19  1:36  SCV  
  20  1:41  Refinery  
  20  1:48  Supply Depot  
  20  1:52  SCV  
  21  2:00  Reaper  
  22  2:05  Reaper  
  23  2:12  Barracks  
  23  2:18  SCV  
  24  2:29  Engineering Bay  
  24  2:30  SCV  
  25  2:43  Reaper x2  
  27  3:00  Reaper  
  28  3:15  Reaper  
  28  3:21  Reaper  
  29  3:32  Reaper, SCV  
  31  3:39  Refinery  
  31  3:44  SCV  
  31  3:47  Reaper  
  33  4:15  Reaper x2  
  35  4:29  Reaper  
  34  4:52  Barracks Reactor x2  
  29  5:06  SCV  
  31  5:15  Engineering Bay  
  31  5:18  Terran Infantry Weapons Level 1  
  31  5:26  Refinery  
  29  5:32  Marine  
  29  5:33  Marine x4  
  33  5:43  SCV  
  33  5:49  Barracks  
  34  5:50  Marine  
  34  5:51  Marine x4  
  39  6:03  Supply Depot  
  39  6:08  Supply Depot  
  39  6:25  Marine x5, SCV  
  45  6:37  SCV  
  45  6:38  Supply Depot  
  45  6:43  Marine x5  
  49  7:00  Marine x5  
  51  7:09  Barracks Tech Lab  
  51  7:18  Marine x5  
  51  7:19  Command Center  
  56  7:24  Orbital Command  
  56  7:29  Marine, Stimpack  
  56  7:36  Marine x5  
  62  7:40  Supply Depot  
  62  7:47  Marine  
  63  8:02  Marine  
  60  9:03  Marine x5  
  60  9:04  Marine  
Tags
 
Add a new tag
Caveats
  • Supply blocks, unpowered buildings, or Contaminate may cause inaccurate times.
  • Supply counts are checked every 10 seconds.